 Dungeon Crawl Stone Soup version 0.17.0-28-g6e173f8 (webtiles) character file.

7066 PossumBlood the Carver (level 11, -1/172 HPs)
             Began as a Human Fighter on Nov 28, 2015.
             Was a Follower of Okawaru.
             Succumbed to an orc warrior's poison
             ... on level 10 of the Dungeon.
             The game lasted 00:43:25 (11469 turns).

PossumBlood the Carver (Human Fighter)             Turns: 11469, Time: 00:43:25

Health: -1/172     AC: 25    Str: 25      XL:     11   Next: 30%
Magic:  11/11      EV:  2    Int: 14      God:    Okawaru [*.....]
Gold:   578        SH: 11    Dex: 15 (17) Spells: 0 memorised, 10 levels left

rFire  + . .     SeeInvis .     a - +1 long sword
rCold  . . .     Clarity  .     (armour currently unavailable)
rNeg   + + +     SustAt   .     c - +0 shield
rPois  +         Gourm    .     (helmet currently unavailable)
rElec  .         Spirit   .     (cloak currently unavailable)
rCorr  .         Warding  .     (gloves currently unavailable)
rMut   .         NoTele   +     (boots currently unavailable)
MR     .....                    (no amulet)
Stlth  ..........               i - +3 ring of evasion
                                h - ring of protection from fire

@: brilliant, agile, berserking, lethally poisoned (-1 -> -23), tree-form,
heavily drained, very quick, not resistant to hostile enchantments, extremely
unstealthy
A: (thin metallic scales 0), frail 1, no device heal 1
a: Heroism, Renounce Religion


You were on level 10 of the Dungeon.
You worshipped Okawaru.
Okawaru was aware of your devotion.
You were not hungry.
You were a tree.
You visited 2 branches of the dungeon, and saw 11 of its levels.
You also visited: Ossuary.

You collected 604 gold pieces.
You spent 26 gold pieces at shops.

Inventory:

Hand Weapons
 a - a +1 long sword (weapon)
 Q - a +1 shortbow of flaming
 V - a +3 great sword
Missiles
 m - 11 javelins (quivered)
 R - 62 arrows
Armour
 c - a +0 shield (worn)
 o - a +2 cloak (melded)
 q - a +2 pair of gloves (melded)
 D - a +0 plate armour (melded)
 E - a +0 helmet (melded)
Jewellery
 b - an uncursed ring of flight
 g - an uncursed ring of wizardry
 h - a ring of protection from fire (left branch)
 i - a +3 ring of evasion (right branch)
Wands
 d - a wand of magic darts (36)
 j - a wand of disintegration (7)
 p - a wand of lightning (1)
 s - a wand of random effects (32)
 v - a wand of fireball (5)
 x - a wand of polymorph (12)
 y - a wand of confusion (14)
 C - a wand of paralysis (15)
 P - a wand of fire (1)
 S - a wand of paralysis (4)
 T - a wand of enslavement (14)
 U - a wand of paralysis (10)
Scrolls
 f - a scroll of noise {unknown}
 n - 3 scrolls of teleportation
 t - 2 scrolls of recharging
 u - 4 scrolls of identify
 w - 2 scrolls of fog
 H - a scroll of fear
 I - 4 scrolls of remove curse
 J - a scroll of random uselessness {unknown}
Potions
 k - 2 potions of haste
 B - 2 potions of agility
 L - 2 potions of brilliance
 N - a potion of magic
Comestibles
 e - 8 bread rations
 F - a beef jerky


   Skills:
 + Level 8.1(6.7) Fighting
 + Level 9.0(7.5) Long Blades
 + Level 8.0(6.6) Armour
 + Level 4.7(3.4) Dodging
 + Level 9.0(7.5) Shields


You had 10 spell levels left.
You didn't know any spells.

Dungeon Overview and Level Annotations

Branches:
Dungeon (10/15)            Temple (1/1) D:4
   Lair: D:8-11         Orc: D:9-12

Altars:
Ashenzari
Cheibriados
Dithmenos
Elyvilon
Fedhas
Gozag
Kikubaaqudgha
Makhleb
Nemelex Xobeh
Okawaru
Qazlal
Ru
Sif Muna
Trog
Vehumet
Xom
Yredelemnul
Zin
The Shining One

Shops:
D:9 *


Innate Abilities, Weirdness & Mutations

((You are partially covered in thin metallic scales (AC +2).))
You are frail (-10% HP).
Potions and wands are less effective at restoring your health.


Message History

Thin metallic scales grow over part of your body.
You feel frail.
Your system partially rejects artificial healing.
* * * LOW HITPOINT WARNING * * *
You feel sick.
The orc warrior hits you from afar with a glaive of venom.
* * * LOW HITPOINT WARNING * * *
You block the orc's attack.
Drink which item? (? for menu, Esc to quit)
It was a potion of berserk rage.
A red film seems to cover your vision as you go berserk!
You feel yourself moving faster!
You feel mighty!
* * * LOW HITPOINT WARNING * * *
You feel very sick.
The orc warrior hits you but does no damage.
The orc hits you but does no damage.
You slash the orc!
You kill the orc!
Okawaru accepts your kill.
You die...

###########
..........#
..........#
..........#
..........#######
...........♣[...#
.......#'###)...#
.......#...#o...#
######)#...#....#
#.#<.>#....#
#.#...#....#
#.#...#....#
#.#...#....#
#...+


You could see an orc warrior.

Vanquished Creatures
  The ghost of carl the Fighter, a novice GrFi of Gozag (D:9)
  The ghost of Musteatbrain the Ducker, a novice DrFi of Cheibriados (D:6)
  Psyche (D:9)
  Grinder (D:5)
  A spriggan (D:8)
  A hungry ghost (D:8)
  Eustachio (D:5)
  A yak (D:9)
  A hippogriff (D:7)
  2 ice beasts (D:6)
  Duvessa (D:7)
  2 orc warriors (D:8)
  2 necrophages (D:9)
  A black bear (D:7)
  2 sky beasts (D:9)
  6 ogres
  5 phantoms
  4 centaurs
  A big kobold (D:9)
  9 giant frogs
  A wyvern zombie (D:9)
  Dowan (D:7)
  5 scorpions
  7 wights (D:8)
  4 centaur zombies
  5 crimson imps
  2 centaur skeletons (D:5)
  3 human zombies (Ossuary)
  3 hounds
  2 giant frog zombies (D:5)
  2 iguanas
  2 giant frog skeletons
  5 orc wizards
  6 worker ants
  3 big kobold zombies (Ossuary)
  A hound zombie (D:6)
  A hound skeleton (D:9)
  3 mummies (Ossuary)
  A worker ant zombie (D:9)
  9 adders
  A shadow imp (D:9)
  An adder skeleton (D:5)
  2 adder zombies (Ossuary)
  6 worms
  7 giant geckos
  24 orcs
  4 giant cockroaches
  3 gnoll zombies (Ossuary)
  5 hobgoblins
  13 jackals
  6 bats
  A giant gecko zombie (D:7)
  4 giant newts
  4 goblins
  3 hobgoblin zombies (Ossuary)
  2 jackal zombies (Ossuary)
  11 kobolds
  A kobold zombie (Ossuary)
  An orc zombie (Ossuary)
  7 quokkas
  A quokka skeleton (D:6)
  15 quokka zombies
  9 rats
  A rat zombie (Ossuary)
242 creatures vanquished.

Notes
Turn   | Place    | Note
--------------------------------------------------------------
     0 | D:1      | PossumBlood the Human Fighter began the quest for the Orb.
     0 | D:1      | Reached XP level 1. HP: 18/18 MP: 1/1
   213 | D:1      | Reached XP level 2. HP: 24/24 MP: 2/2
   747 | D:2      | Reached XP level 3. HP: 29/29 MP: 3/3
  1045 | D:2      | Found a shadowy altar of Dithmenos.
  1045 | D:2      | Found a shattered altar of Ashenzari.
  1342 | D:3      | Found a blossoming altar of Fedhas.
  1498 | D:3      | Reached XP level 4. HP: 32/35 MP: 4/4
  1562 | D:3      | Reached skill level 1 in Dodging
  1990 | D:4      | Noticed a phantom
  1994 | D:4      | Got a crude great mace
  2041 | D:4      | Killed a phantom
  2041 | D:4      | Reached skill level 4 in Armour
  2041 | D:4      | Reached XP level 5. HP: 20/42 MP: 5/5
  2419 | D:4      | Found a staircase to the Ecumenical Temple.
  2424 | Temple   | Entered the Ecumenical Temple
  2637 | D:4      | Found a bloodstained altar of Trog.
  2649 | D:4      | Reached XP level 6. HP: 48/48 MP: 6/6
  2759 | D:4      | Noticed an ogre
  2767 | D:4      | Killed an ogre
  2820 | D:4      | Noticed a phantom
  2848 | D:4      | Killed a phantom
  2848 | D:4      | Reached XP level 7. HP: 32/53 MP: 7/7
  3000 | D:4      | Found a sparkling altar of Nemelex Xobeh.
  3000 | D:4      | Noticed a yak
  3000 | D:4      | Noticed a yak
  3141 | D:5      | Entered Level 5 of the Dungeon
  3163 | D:5      | Noticed Eustachio
  3195 | D:5      | Killed Eustachio
  3679 | D:5      | Reached skill level 5 in Armour
  3711 | D:5      | Reached XP level 8. HP: 18/60 MP: 8/8
  4114 | D:5      | Noticed Grinder
  4122 | D:5      | Paralysed by Grinder for 2 turns
  4131 | D:5      | Paralysed by Grinder for 7 turns
  4143 | D:5      | Paralysed by Grinder for 3 turns
  4156 | D:5      | Killed Grinder
  4156 | D:5      | Reached skill level 5 in Shields
  4327 | D:5      | Found a radiant altar of Vehumet.
  4657 | D:6      | Reached skill level 5 in Fighting
  4672 | D:6      | Noticed Musteatbrain's ghost (novice DrFi)
  4736 | D:6      | HP: 3/62 [Musteatbrain's ghost (1)]
  4757 | D:6      | Killed Musteatbrain's ghost
  4757 | D:6      | Reached skill level 5 in Long Blades
  4757 | D:6      | Reached skill level 6 in Armour
  4757 | D:6      | Reached XP level 9. HP: 35/68 MP: 9/9
  6107 | D:6      | Found a glowing silver altar of Zin.
  6108 | D:6      | Found a glowing golden altar of the Shining One.
  6109 | D:6      | Found an opulent altar of Gozag.
  6109 | D:6      | Found a stormy altar of Qazlal.
  6113 | D:6      | Found a sacrificial altar of Ru.
  6356 | D:7      | Noticed Dowan
  6358 | D:7      | Noticed Duvessa
  6368 | D:7      | Killed Duvessa
  6382 | D:7      | Killed Dowan
  6627 | D:7      | Reached XP level 10. HP: 73/77 MP: 10/10
  6690 | D:7      | Found a sand-covered staircase.
  6696 | Ossuary  | Entered an ossuary
  6858 | Ossuary  | Reached skill level 7 in Shields
  8639 | D:8      | Reached skill level 8 in Long Blades
  9389 | D:9      | Identified the cursed +0 great mace of True Grit {crush, rN+ Stlth+} (You found it on level 4 of the Dungeon)
  9396 | D:9      | Found a burning altar of Makhleb.
  9396 | D:9      | Noticed an Executioner
  9588 | D:9      | Found an iron altar of Okawaru.
  9598 | D:9      | Became a worshipper of Warmaster Okawaru
  9619 | D:9      | Noticed carl's ghost (novice GrFi)
  9653 | D:9      | Killed carl's ghost
  9653 | D:9      | Reached XP level 11. HP: 26/86 MP: 11/11
  9683 | D:9      | Noticed Psyche
 10289 | D:9      | Reached * piety under Okawaru
 10716 | D:9      | Killed Psyche
 11210 | D:9      | Found Agorchuo's General Store.
 11221 | D:9      | Bought a scroll of identify for 26 gold pieces
 11432 | D:10     | Entered Level 10 of the Dungeon
 11448 | D:10     | Reached skill level 9 in Long Blades
 11466 | D:10     | HP: 5/129 [poisoned by an orc warrior]
 11467 | D:10     | Gained mutation: You are partially covered in thin metallic scales (AC +2). [potion of mutation]
 11467 | D:10     | Gained mutation: You are frail (-10% HP). [potion of mutation]
 11467 | D:10     | Gained mutation: Potions and wands are less effective at restoring your health. [potion of mutation]
 11467 | D:10     | HP: 2/115 [orc warrior/glaive of venom (1)]
 11469 | D:10     | Succumbed to an orc warrior's poison

Action                   |  1- 3 |  4- 6 |  7- 9 | 10-12 || total
-------------------------+-------+-------+-------+-------++-------
Melee: Long sword        |   122 |   149 |   431 |   788 ||  1490
Invok: Heroism           |       |       |       |     1 ||     1
  Use: Scroll            |     8 |     4 |     3 |     8 ||    23
       Potion            |       |     3 |     5 |    13 ||    21
  Eat: Meat ration       |     1 |       |     2 |       ||     3
       Pizza             |       |     1 |     1 |       ||     2
       Beef jerky        |       |       |     1 |       ||     1
       Bread ration      |       |       |       |     5 ||     5
       Fruit             |       |       |       |     3 ||     3
